 Dungeon Crawl Stone Soup version 0.31.0-4-g52a2dc7128 (webtiles) character file.

Game seed: 1423454222683114957

1798 croobank the Caller (level 8, -18/52 (60) HPs)
             Began as a Demonspawn Summoner on Jan 21, 2024.
             Was a Follower of Kikubaaqudgha.
             Killed from afar by Maggie (23 damage)
             ... with a bolt of fire
             ... on level 7 of the Dungeon.
             The game lasted 00:24:37 (6149 turns).

croobank the Caller (Demonspawn Summoner)           Turns: 6149, Time: 00:24:37

HP:   -18/52 (60)   AC:  3    Str: 14    XL:     8   Next: 83%
MP:   10/14         EV: 13    Int: 18    God:    Kikubaaqudgha [*.....]
Gold: 379           SH:  0    Dex: 14    Spells: 2/16 levels left

rFire   . . .        f - +0 short sword (speed)
rCold   . . .        (no shield)
rNeg    . . .        a - +0 robe
rPois   .            (helmet restricted)
rElec   .            (no cloak)
rCorr   .            (no gloves)
SInv    .            h - +0 pair of boots
Will    .....        (no amulet)
Stlth   +++          c - +4 ring of slaying
HPRegen 0.28/turn    C - +6 ring of strength
MPRegen 0.14/turn

%: no passive effects
@: heavily drained, inugami summoned
A: antennae 2, demonic guardian 1, demonic magic 2
a: Renounce Religion, Unearth Wretches


You were on level 7 of the Dungeon.
You worshipped Kikubaaqudgha.
Kikubaaqudgha was aware of your devotion.
You visited 2 branches of the dungeon, and saw 8 of its levels.

You collected 379 gold pieces.

Inventory:

Hand Weapons
 f - a +0 short sword of speed (weapon)
 j - a +0 short sword
 o - the +1 dagger of Exquisite Torment {heavy, *Noise rElec rN+++ rCorr}
   (You found it on level 3 of the Dungeon)

   rElec:     It insulates you from electricity.
   rN+++:     It renders you almost immune to negative energy.
   *Noise:    It may make a loud noise when swung.
   rCorr:     It protects you from acid and corrosion.
 t - a +2 whip of flaming
 z - a +1 vampiric trident
Missiles
 n - 4 poisoned darts
Armour
 a - a +0 robe (worn)
 e - a +0 kite shield
 h - a +0 pair of boots (worn)
 m - a +1 scale mail of willpower
Jewellery
 c - a +4 ring of slaying (left hand)
 C - a +6 ring of strength (right hand)
Wands
 y - a wand of roots (14)
Scrolls
 d - 3 scrolls of vulnerability
 p - a scroll of amnesia {unknown}
 r - 3 scrolls of fog {unknown}
 s - 3 scrolls of poison {unknown}
 u - a scroll of blinking {unknown}
 v - 2 scrolls of teleportation {unknown}
 x - a scroll of immolation {unknown}
Potions
 b - a potion of magic
 g - a potion of haste
 i - a potion of ambrosia
 k - 2 potions of enlightenment
 l - 2 potions of resistance
 q - a potion of brilliance
 w - 2 potions of curing {unknown}
 A - a potion of might
 B - a potion of lignification {unknown}


   Skills:
 + Level 4.1 Fighting
 + Level 4.5 Dodging
 + Level 4.7 Stealth
 + Level 4.5 Spellcasting
 + Level 6.0 Summonings
 * Level 4.6 Fire Magic


You had 2 spell levels left.
You knew the following spells:

 Your Spells              Type           Power      Damage    Failure   Level
a - Summon Small Mammal   Summ           100%       N/A       1%          1
b - Call Imp              Summ           50%        N/A       1%          2
c - Call Canine Familiar  Summ           25%        N/A       3%          3
d - Summon Blazeheart Go  Fire/Summ      23%        N/A       16%         4
A - Animate Dead          Necr           4%         N/A       80%         4

Your spell library contained the following spells:

 Spells                   Type           Power      Damage    Failure   Level
 Kiss of Death            Conj/Necr      16%        2d6       14%         1
 Necrotise                Necr           16%        1d4       14%         1
 Sandblast                Erth           8%         2d5       14%         1
 Cigotuvi's Dreadful Rot  Necr/Alch/Air  8%         N/A       22%         2
 Summon Lightning Spire   Summ/Air       15%        N/A       36%         4
 Dazzling Flash           Conj/Hex       8%         N/A       38%         3
 Mephitic Cloud           Conj/Alch/Air  4%         N/A       38%         3
 Passwall                 Erth           4%         N/A       38%         3
 Stone Arrow              Conj/Erth      8%         3d7       38%         3
 Brom's Barrelling Bould  Conj/Erth      4%         2d3       80%         4
 Curse of Agony           Necr           4%         N/A       98%         5
 Silence                  Hex/Air        2%         N/A       98%         5


Dungeon Overview and Level Annotations

Branches:
Dungeon (7/15)             Temple (1/1) D:4

Altars:
Ashenzari
Cheibriados
Dithmenos
Fedhas
Gozag
Hepliaklqana
Kikubaaqudgha
Makhleb
Nemelex Xobeh
Okawaru
Qazlal
Ru
Trog
Uskayaw
Vehumet
Wu Jian
Xom
Yredelemnul

Shops:
D:1 =

Annotations:
D:7 Jeremiah, Maggie


Innate Abilities, Weirdness & Mutations

You have a pair of antennae on your head.
A weak demonic guardian rushes to your aid.
Spells you cast may paralyse nearby enemies.


Message History

Your cerulean imp hits the butterfly with a -2 spear.
The butterfly dies!
The butterfly disappears in a burst of colours!
The helpless Maggie fails to defend herself.
You puncture Maggie!
Maggie is lightly wounded.
The water moccasin barely misses you.
The helpless Maggie fails to defend herself.
You hit Maggie.
Maggie is moderately wounded.
Maggie is no longer paralysed.
Your cerulean imp misses the water moccasin.
The sleepcap releases spores at your inugami.
Maggie hits you with a +1 long sword of draining!
A demonic guardian appears!
You feel drained.
Your inugami hits the water moccasin. You closely miss Maggie.
Maggie is moderately wounded.
The water moccasin bites you.
Your inugami hits the water moccasin! The sleepcap misses your inugami.
Maggie hits you with a +1 long sword of draining!
You feel drained.
Your cerulean imp closely misses the water moccasin.
The water moccasin barely misses you. Maggie attacks as she pursues you!
Maggie hits you with a +1 long sword of draining!
* * * LOW HITPOINT WARNING * * *
You feel drained.
* * * LOW HITPOINT WARNING * * *
Your cerulean imp hits the water moccasin from afar with a -2 spear.
You swap places.
The butterfly disappears in a burst of colours!
The water moccasin bites your shadow imp but does no damage.
Your shadow imp hits the butterfly.
The butterfly dies!
The butterfly disappears in a burst of colours!
Your inugami hits the water moccasin!
Maggie points at you and mumbles some strange words.
The bolt of fire hits you!!
You die...
Kikubaaqudgha rasps: "You have failed me!
Welcome... death!"

.#.. ##.#.
... #........
.... ....
#..#...
#..#.#.##
##........
#.@.#
#+##.##@5.#
.....b..S.#
......bfh.#
...#.#.bb5b..
..
#.#b...#.#..
# #.bbb#.#
#b.Fb# #
#...b+


You could see Maggie, Jeremiah, a water moccasin (distracted, ally target), a
sleepcap, a friendly cerulean imp (summoned), a friendly shadow imp (summoned)
and a friendly inugami (summoned).

Vanquished Creatures
  Sigmund (D:5)
  A water moccasin (D:5)
  A black bear (D:5)
  An ogre (D:5)
  2 ice beasts (D:6)
  A bullfrog (D:6)
  A gnoll sergeant (D:6)
  3 scorpions
  A bombardier beetle (D:5)
  An orc priest (D:6)
  2 iguanas
  2 sleepcaps
  An orc wizard (D:4)
  6 adders
  A shadow imp (D:6)
  3 ribbon worms
  5 orcs
  2 endoplasms
  2 giant cockroaches (D:2)
  3 goblins
  3 hobgoblins
  5 quokkas
  A ball python (D:2)
  A bat (D:1)
  2 frilled lizards
  A kobold (D:3)
  A rat (D:1)
54 creatures vanquished.

Vanquished Creatures (collateral kills)
  A water moccasin (D:5)
  A black bear (D:6)
  A bullfrog (D:6)
  A bombardier beetle (D:5)
  A jelly (D:5)
  An orc priest (D:6)
  3 hounds
  An orc wizard (D:4)
  3 adders
  9 orcs
  2 bats
  An endoplasm (D:3)
  6 giant cockroaches
  A goblin (D:1)
  7 hobgoblins
  A jackal (D:5)
  2 quokkas
  3 ball pythons
  2 frilled lizards
  4 kobolds
  4 rats (D:1)
55 creatures vanquished.

Grand Total: 109 creatures vanquished

Notes
Turn   | Place    | Note
-------+----------+-------------------------------------------
     0 | D:1      | croobank the Demonspawn Summoner began the quest for the
                  | Orb.
     0 | D:1      | Reached XP level 1. HP: 13/13 MP: 3/3
   261 | D:1      | Gained mutation: You have a pair of small antennae on your
                  | head. [demonic ancestry]
   261 | D:1      | Reached XP level 2. HP: 19/19 MP: 3/5
   264 | D:1      | Learned a level 2 spell: Call Imp
   331 | D:1      | Found Garph's One-of-a-Kind Rings.
  1148 | D:2      | Reached XP level 3. HP: 18/25 MP: 1/6
  1152 | D:2      | Learned a level 3 spell: Call Canine Familiar
  2071 | D:4      | Gained mutation: Spells you cast may paralyse adjacent
                  | enemies. [demonic ancestry]
  2071 | D:4      | Reached XP level 4. HP: 26/31 MP: 4/7
  2082 | D:4      | Reached skill level 1 in Fighting
  2171 | D:3      | Identified the +1 dagger of Exquisite Torment {heavy,
                  | *Noise rElec rN+++ rCorr}
  2374 | D:3      | Found a faded altar of an unknown god.
  2381 | D:3      | Upgraded the game from 0.31.0-2-g5a2aebc5c2 to
                  | 0.31.0-4-g52a2dc7128
  2826 | D:4      | Reached XP level 5. HP: 37/37 MP: 4/9
  3295 | D:4      | Found a burning altar of Makhleb.
  3606 | D:4      | Found a staircase to the Ecumenical Temple.
  3614 | Temple   | Entered the Ecumenical Temple
  3632 | Temple   | Became a worshipper of Kikubaaqudgha
  3697 | D:4      | Learned a level 4 spell: Summon Blazeheart Golem
  3709 | D:5      | Entered Level 5 of the Dungeon
  3843 | D:5      | Noticed a water moccasin
  3852 | D:5      | Killed a water moccasin
  3853 | D:5      | Reached skill level 1 in Fire Magic
  3853 | D:5      | Gained mutation: Spells you cast may paralyse nearby
                  | enemies. [demonic ancestry]
  3853 | D:5      | Reached XP level 6. HP: 44/44 MP: 5/10
  3885 | D:5      | Reached skill level 5 in Summonings
  4221 | D:5      | Gained mutation: You have a pair of antennae on your head.
                  | [demonic ancestry]
  4221 | D:5      | Reached XP level 7. HP: 30/51 MP: 8/12
  4408 | D:5      | Identified the +4 quarterstaff of Soft Guilt {flame, Str+3
                  | Dex+3 Stlth+}
  4534 | D:5      | Noticed Sigmund
  4542 | D:5      | Killed Sigmund
  4751 | D:5      | Gained mutation: A weak demonic guardian rushes to your
                  | aid. [demonic ancestry]
  4751 | D:5      | Reached XP level 8. HP: 58/58 MP: 7/13
  5365 | D:6      | Reached * piety under Kikubaaqudgha
  5365 | D:6      | Received a gift from Kikubaaqudgha
  5450 | D:6      | Learned a level 4 spell: Animate Dead
  5515 | D:6      | Found a hide-covered altar of Uskayaw.
  5672 | D:6      | Reached skill level 6 in Summonings
  5694 | D:6      | Found a radiant altar of Vehumet.
  6000 | D:6      | Found a bloodstained altar of Trog.
  6139 | D:7      | Noticed Jeremiah
  6139 | D:7      | Noticed Maggie
  6149 | D:7      | Killed from afar by Maggie

Illustrated notes

Levels and vault maps discovered:
D:1:      wander_arrival_lonely_grave, layout_basic, nicolae_shop_unique_rings
D:2:      layout_basic
D:3:      layout_basic, mainiacjoe_overflow_alcove_1,
          dreamdust_ecumenical_altar_angels_and_demons, corexii_corridor_pit
D:4:      layout_cave_pools, mainiacjoe_overflow_six_doors_small,
          minmay_temple_entry_purple_smoke, hangedman_decor_riveting
D:5:      minmay_bubble_buster, layout_basic, serial_bayou, serial_bayou_pond_b,
          serial_bayou_pond_e, serial_bayou_shore_a, serial_bayou_shore_b,
          nicolae_twisty_statue_hallways, uniq_sigmund
D:6:      minmay_angry_zag, layout_loops_ring, nicolae_vehumet_altar_sigil,
          lemuel_round_altar, lightli_temple_of_fire, kennysheep_pointless_box
D:7:      layout_basic, uniq_jeremiah, uniq_maggie
Temple:   compressed_dpeg_triangle_lava_temple

Skill      XL: |  1  2  3  4  5  6  7  8 |
---------------+-------------------------+-----
Stealth        | 2 3 4 |  4.7
Dodging        | 2 3 4 |  4.5
Fighting       | 1 2 3 4 |  4.1
Spellcasting   | 3 4 |  4.5
Fire Magic     | 1 3 4 |  4.6
Summonings     | 5 6 |  6.0

Action                     |  1- 3 |  4- 6 |  7- 9 || total
---------------------------+-------+-------+-------++-------
  Melee: Unarmed           |     7 |       |       ||     7
         Short sword       |    45 |    62 |    79 ||   186
         Punch             |     1 |       |     1 ||     2
   Cast: Summon Small Mamm |    34 |    22 |     3 ||    59
         Call Imp          |    17 |    14 |    14 ||    45
         Call Canine Famil |     1 |    10 |    15 ||    26
    Use: Scroll            |       |     4 |     3 ||     7
         Potion            |       |     4 |       ||     4
   Stab: Sleeping          |     4 |     1 |     5 ||    10
         Paralysed         |       |     4 |    38 ||    42
         Distracted        |       |     1 |       ||     1
 Armour: Robe              |    18 |    37 |    31 ||    86
  Dodge: Dodged            |    39 |    37 |    29 ||   105
